 Dungeon Crawl Stone Soup version 0.21-a0-401-g0b6bec4 (webtiles) character file.

184 Hasart the Cudgeler (level 5, 0/55 HPs)
             Began as an Ogre Gladiator on Oct 21, 2017.
             Slain by a kobold (3 damage)
             ... while paralysed by Grinder
             ... on level 3 of the Dungeon.
             The game lasted 00:05:00 (2649 turns).

Hasart the Cudgeler (Ogre Gladiator)                Turns: 2649, Time: 00:05:01

Health: 0/55       AC:  3    Str: 19    XL:     5   Next: 63%
Magic:  5/5        EV:  1    Int:  9    God:
Gold:   53         SH:  0    Dex: 10    Spells: 4/4 levels left

rFire    . . .     SeeInvis .   a - +0 flail
rCold    . . .     Gourm    .   (no shield)
rNeg     . . .     Faith    .   b - +0 robe
rPois    .         Spirit   .   c - +0 hat
rElec    .         Reflect  .   (no cloak)
rCorr    .         Harm     .   (gloves unavailable)
MR       .....                  (boots unavailable)
Stlth    +.........             (no amulet)
HPRegen  0.18/turn              (no ring)
MPRegen  0.09/turn              (no ring)

@: paralysed
A: unfitting armour, tough skin 1
a: no special abilities


You were on level 3 of the Dungeon.
You were not hungry.

You visited 1 branch of the dungeon, and saw 3 of its levels.

You collected 53 gold pieces.

Inventory:

Hand Weapons
 a - a +0 flail (weapon)
Armour
 b - a +0 robe (worn)
 c - a +0 hat (worn)
Scrolls
 e - a scroll of teleportation {unknown}
 g - a scroll of fog {unknown}
 h - 2 scrolls of amnesia {unknown}
 i - a scroll of enchant weapon {unknown}
 j - 2 scrolls of identify {unknown}
 n - a scroll of blinking {unknown}
Comestibles
 f - 2 bread rations
 l - a royal jelly
 m - a meat ration
 o - 4 chunks of flesh


   Skills:
 + Level 4.7 Fighting
 * Level 4.8 Maces & Flails
 - Level 2.0 Throwing
 - Level 2.6 Dodging


You had 4 spell levels left.
You didn't know any spells.

Dungeon Overview and Level Annotations

Branches:
Dungeon (3/15)

Altars:

Annotations:
D:3 Grinder


Innate Abilities, Weirdness & Mutations

You are too large for most types of armour.
You have tough skin. (AC +1)


Message History

The kobold hits you but does no damage. Grinder hits you!
You writhe in agony.
* * * LOW HITPOINT WARNING * * *
The kobold hits you.
* * * LOW HITPOINT WARNING * * *
You barely miss Grinder.
Grinder is moderately wounded.
Grinder hits you.
* * * LOW HITPOINT WARNING * * *
You writhe in agony.
* * * LOW HITPOINT WARNING * * *
The kobold hits you.
* * * LOW HITPOINT WARNING * * *
You thump Grinder!
Grinder is severely wounded.
Grinder blinks!
The kobold hits you.
* * * LOW HITPOINT WARNING * * *
Grinder gestures at you.
You suddenly lose the ability to move!
The kobold hits you.
You die...

.### .... ..##
### ..5 ..#
..### #.###
#.#
......###...#
#.#
.(.....K@...#
#.#.
......###...#
#.#. ..###
#..#####
#.###.#.
....###......#
#....)..
........####.#
#####.<.
#########
#.####...<..
#....).##...
#########...
....


You could see Grinder and a kobold.

Vanquished Creatures
  2 orc wizards (D:2)
  Jessica (D:2)
  2 adders (D:2)
  2 worms (D:2)
  A dart slug (D:3)
  3 leopard geckos
  3 orcs (D:2)
  3 giant cockroaches (D:1)
  11 goblins
  5 hobgoblins
  8 jackals (D:2)
  A quokka (D:2)
  2 ball pythons
  3 bats (D:1)
  3 frilled lizards
  8 kobolds
  9 rats
67 creatures vanquished.

Notes
Turn   | Place    | Note
-------+----------+-------------------------------------------
     0 | D:1      | Hasart the Ogre Gladiator began the quest for the Orb.
     0 | D:1      | Reached XP level 1. HP: 22/22 MP: 1/1
   120 | D:1      | Reached XP level 2. HP: 26/31 MP: 2/2
   803 | D:2      | Reached XP level 3. HP: 37/37 MP: 3/3
   844 | D:2      | Found a faded altar of an unknown god.
  1496 | D:2      | Reached XP level 4. HP: 35/48 MP: 4/4
  1593 | D:2      | Reached XP level 5. HP: 36/55 MP: 5/5
  1994 | D:2      | Noticed Jessica
  2037 | D:2      | Killed Jessica
  2615 | D:3      | Noticed Grinder
  2632 | D:3      | Paralysed by Grinder for 7 turns
  2648 | D:3      | Paralysed by Grinder for 5 turns
  2649 | D:3      | Slain by a kobold

Vault maps used:
D:1:      minmay_arrival_cross
D:2:      first_bread, chequers_ecumenical_altar_island, uniq_jessica
D:3:      uniq_grinder

Skill      XL: |  1  2  3  4 |
---------------+-------------+-----
Fighting       | 3 4 |  4.7
Maces & Flails | 3 4 |  4.8
Throwing       | |  2.0
Dodging        | |  2.6

Action                   |  1- 3 |  4- 6 || total
-------------------------+-------+-------++-------
Melee: Flail             |   140 |   100 ||   240
Throw: Throwing net      |       |     3 ||     3
  Use: Potion            |       |     1 ||     1
  Eat: Chunk             |     2 |     4 ||     6
Armor: Robe              |    58 |    23 ||    81
Dodge: Dodged            |    98 |    60 ||   158

Table legend:
 A = Spawn XP
 B = Non-spawn XP
 C = Spawn XP percentage of total XP
 D = Spawn monster count
 E = Non-spawn monster count
 F = Spawn count percentage of total count
 G = Total turns spent on level
                    A         B        C        D         E        F      G
               +---------+---------+-------+---------+---------+-------+---------
         Total |       0 |     263 |   0.0 |       0 |      67 |   0.0 |  2649
               +---------+---------+-------+---------+---------+-------+---------
           D:1 |       0 |      31 |   0.0 |       0 |      20 |   0.0 |   787
           D:2 |       0 |     221 |   0.0 |       0 |      43 |   0.0 |  1748
           D:3 |       0 |      11 |   0.0 |       0 |       4 |   0.0 |   114
               +---------+---------+-------+---------+---------+-------+---------
